 Dungeon Sprint DCSS version 0.29-a0-222-g5b244fca1f (webtiles) character file.

Game seed: 438309481446997800

18046 mhtbhm the Shatterer (level 12, -6/92 HPs)
             Began as a Gargoyle Berserker on Feb 27, 2022.
             Was the Champion of Trog.
             Killed by the air
             ... invoked by Gastronok
              (24 damage)
             ... in the Dungeon (Sprint III: "The Ten Rune Challenge").
             The game lasted 00:06:14 (3260 turns).

mhtbhm the Shatterer (Gargoyle Berserker)           Turns: 3260, Time: 00:06:15

Health: -6/92      AC: 17    Str: 24    XL:     12   Next: 54%
Magic:  12/12      EV: 11    Int: 10    God:    Trog [******]
Gold:   1323       SH: 10    Dex:  9    Spells: 11/11 levels left

rFire   . . .      SeeInvis .   r - +6 morningstar (vorpal)
rCold   . . .      Faith    .   u - +1 kite shield {reflect}
rNeg    + + .      Spirit   .   b - +0 scale mail {rN+}
rPois   ∞          Reflect  +   (helmet restricted)
rElec   +          Harm     .   (no cloak)
rCorr   .          Rampage  .   (no gloves)
Will    .....      NoTele   +   (no boots)
Stlth   +++.......              (no amulet)
HPRegen 0.25/turn               (no ring)
MPRegen 0.13/turn               (no ring)

@: on berserk cooldown, slowed, very slow
A: sickness immunity, AC +8, negative energy resistance 1, electricity
resistance, torment resistance 1, petrification resistance, antennae 2
a: Renounce Religion, Berserk, Trog's Hand, Brothers in Arms


You were in the Dungeon.
You worshipped Trog.
Trog was exalted by your worship.
You visited 1 branch You collected 1398 gold pieces.
You spent 75 gold pieces at shops.

Inventory:

Hand Weapons
 a - a +4 great mace of flaming
 r - a +6 vorpal morningstar (weapon)
 s - a +2 war axe of holy wrath
Missiles
 t - 5 curare-tipped darts (quivered)
 v - 4 javelins
Armour
 b - a +0 scale mail of positive energy (worn)
 u - a +1 kite shield of reflection (worn)
Scrolls
 i - a scroll of fog {unknown}
 k - a scroll of immolation {unknown}
 l - 3 scrolls of identify
 n - a scroll of holy word {unknown}
 q - 2 scrolls of amnesia {unknown}
Potions
 c - 2 potions of curing
 e - a potion of haste
 f - 2 potions of magic
 g - 2 potions of berserk rage
 j - 2 potions of mutation
 m - 5 potions of flight
 p - a potion of invisibility {unknown}
Miscellaneous
 o - a condenser vane


   Skills:
 + Level 17.6 Fighting
 + Level 21.2 Maces & Flails
 + Level 0.4 Throwing
 + Level 10.1 Armour
 + Level 8.5 Dodging
 - Level 11.4 Stealth
 * Level 7.3 Shields
 + Level 1.8 Evocations


You had 11 spell levels left.
You didn't know any spells.
Your spell library was empty.

Dungeon Overview and Level Annotations

Branches:
Dungeon (1/1)

Altars:
Cheibriados
Dithmenos
Elyvilon
Fedhas
Gozag
Hepliaklqana
Kikubaaqudgha
Makhleb
Nemelex Xobeh
Okawaru
Qazlal
Ru
Sif Muna
Trog
Uskayaw
Vehumet
Wu Jian
Xom
Yredelemnul
Zin
The Shining One
Beogh
Jiyva
Lugonu

Shops:
D *

Annotations:
D Gastronok


Innate Abilities, Weirdness & Mutations

You are immune to sickness and miasma.
Your stone body is resilient. (AC +8)
You are immune to poison.
You resist negative energy. (rN+)
You are resistant to electric shocks. (rElec)
You are resistant to unholy torment.
You are immune to petrification.
You have a pair of antennae on your head.


Message History

Gastronok is severely wounded.
You thump Gastronok!
Gastronok is severely wounded.
You are no longer berserk.
You are exhausted.
You feel yourself slow down. The elephant tramples you!
You hold your ground!
You block the elephant's attack. You block Gastronok's attack.
You impale Gastronok!!
Gastronok is almost dead.
You block the elephant's attack.
The elephant splashes around in the water.
Unknown command.
Your unstable footing causes you to fumble your attack.
The elephant tramples you!
You hold your ground!
The elephant trunk-slaps you but does no damage.
Gastronok makes a strange noise.
Gastronok waves his eye-stalks in wide circles.
The air twists around and strikes you!!
* * * LOW HITPOINT WARNING * * *
You feel much better.
The elephant splashes around in the water. x2
You block the elephant's attack.
The elephant trunk-slaps you but does no damage.
Gastronok bites you!
Your unstable footing causes you to fumble your attack.
The elephant misses you. x2
Your unstable footing causes you to fumble your attack.
The elephant tramples you.
* * * LOW HITPOINT WARNING * * *
You hold your ground!
The elephant trunk-slaps you.
* * * LOW HITPOINT WARNING * * *
Gastronok bites you!
* * * LOW HITPOINT WARNING * * *
Blink to where?
Press: ? - help, Dir - move target
As you read the scroll of blinking, it crumbles to dust.
Your cyclops goes berserk!
Gastronok waves his eye-stalks in wide circles.
The air twists around and strikes you!!
You die...

▓#.....##..###....#
###..##...##.....#
##..##....#......#
#..###..##.#.....#
#..# #.. ####....#
▓▓▓▓▓▓▓▓▓▓▓▓▓▓▓▓▓▓
▓..(wY≈.≈.≈≈.≈♣♣..
▓...#≈≈≈§≈§≈≈≈♣♣.≈
▓@C.#≈≈≈§§§≈≈.÷)..
▓...#≈≈≈§§≈≈≈≈♣♣♣♣
▓..[#≈≈§≈≈≈..≈♣
▓##+####'#######♣
▓........)......♣
▓#+#############+ {
{{ {{ {


You could see Gastronok (swift, ally target), an elephant and a friendly cyclops
(summoned, berserk).

Vanquished Creatures
  Rupert (D)
  Frances (D)
  Donald (D)
  2 dire elephants (D)
  Erolcha (D)
  Urug (D)
  2 orc high priests (D)
  A lindwurm (D)
  An orc knight (D)
  3 deep elf pyromancers (D)
  2 deep elf zephyrmancers (D)
  An orc sorcerer (D)
  An elephant (D)
  2 cane toads (D)
  A komodo dragon (D)
  A rime drake (D)
  3 wandering mushrooms (D)
  5 blink frogs (D)
  A queen bee (D)
  2 tyrant leeches (D)
  A shadow (D)
  A spatial vortex (D)
  5 redbacks (D)
  A swamp drake (D)
  3 orc warriors (D)
  A necrophage (D)
  5 two-headed ogres (D)
  A water elemental (D)
  32 killer bees (D)
  A jelly (D)
  An orc wizard (D)
  A wizard (D)
  A necromancer (D)
  3 humans (D)
  A kobold demonologist (D)
  A phantom (D)
  10 orcs (D)
  An endoplasm (D)
  3 rats (D)
106 creatures vanquished.

Vanquished Creatures (others)
  5 plants (D)
5 creatures vanquished.

Grand Total: 111 creatures vanquished

Notes
Turn   | Place    | Note
-------+----------+-------------------------------------------
     0 | D        | mhtbhm the Gargoyle Berserker began the quest for the Orb.
     0 | D        | Reached XP level 1. HP: 14/14 MP: 1/1
    62 | D        | Reached ** piety under Trog
    93 | D        | Reached XP level 2. HP: 20/20 MP: 2/2
   101 | D        | Reached skill level 5 in Fighting
   101 | D        | Reached skill level 4 in Maces & Flails
   101 | D        | Reached XP level 3. HP: 26/26 MP: 3/3
   117 | D        | Gained mutation: You have a pair of small antennae on your
                  | head. [potion of mutation]
   117 | D        | Gained mutation: You have a pair of antennae on your head.
                  | [potion of mutation]
   145 | D        | Noticed a water elemental
   154 | D        | Killed a water elemental
   155 | D        | Reached skill level 6 in Maces & Flails
   155 | D        | Reached skill level 1 in Stealth
   155 | D        | Reached XP level 4. HP: 24/32 MP: 4/4
   301 | D        | Found a basalt altar of Yredelemnul.
   301 | D        | Found a shadowy altar of Dithmenos.
   301 | D        | Found a sacrificial altar of Ru.
   301 | D        | Noticed a necrophage
   306 | D        | Killed a necrophage
   306 | D        | Reached *** piety under Trog
   307 | D        | Reached skill level 7 in Maces & Flails
   307 | D        | Reached XP level 5. HP: 20/38 MP: 5/5
   312 | D        | Reached skill level 8 in Maces & Flails
   572 | D        | Found a glowing silver altar of Zin.
   572 | D        | Found a glowing golden altar of the Shining One.
   572 | D        | Found a white marble altar of Elyvilon.
   573 | D        | Noticed a deep elf pyromancer
   581 | D        | Killed a deep elf pyromancer
   581 | D        | Reached **** piety under Trog
   582 | D        | Reached skill level 11 in Maces & Flails
   582 | D        | Reached skill level 5 in Armour
   582 | D        | Reached XP level 6. HP: 48/48 MP: 6/6
   582 | D        | Reached XP level 7. HP: 52/52 MP: 7/7
   619 | D        | Found a hide-covered altar of Uskayaw.
   619 | D        | Found an iron altar of Okawaru.
   619 | D        | Found a bloodstained altar of Trog.
   619 | D        | Found an ornate altar of the Wu Jian Council.
   619 | D        | Noticed a human
   620 | D        | Noticed a human
   627 | D        | Killed a human
   628 | D        | Reached skill level 10 in Fighting
   628 | D        | Reached skill level 5 in Dodging
   632 | D        | Killed a human
   633 | D        | Reached skill level 12 in Maces & Flails
   633 | D        | Reached XP level 8. HP: 59/59 MP: 8/8
   682 | D        | Found a radiant altar of Vehumet.
   682 | D        | Found a shimmering blue altar of Sif Muna.
   682 | D        | Found an ancient bone altar of Kikubaaqudgha.
   685 | D        | Reached ***** piety under Trog
   706 | D        | Noticed a shadow
   716 | D        | Killed a shadow
   717 | D        | Reached skill level 5 in Stealth
   890 | D        | Found a blossoming altar of Fedhas.
   890 | D        | Found a stormy altar of Qazlal.
   890 | D        | Found a snail-covered altar of Cheibriados.
   890 | D        | Found a burning altar of Makhleb.
   890 | D        | Found a shimmering altar of Xom.
   891 | D        | Found a hazy altar of Hepliaklqana.
   891 | D        | Found an opulent altar of Gozag.
   891 | D        | Found a sparkling altar of Nemelex Xobeh.
   891 | D        | Found a corrupted altar of Lugonu.
   891 | D        | Found a viscous altar of Jiyva.
   935 | D        | Reached skill level 13 in Maces & Flails
  1145 | D        | Noticed a two-headed ogre
  1159 | D        | Killed a two-headed ogre
  1159 | D        | Received a gift from Trog
  1160 | D        | Reached XP level 9. HP: 64/64 MP: 9/9
  1240 | D        | Noticed Erolcha
  1241 | D        | Noticed a two-headed ogre
  1246 | D        | Killed Erolcha
  1247 | D        | Reached skill level 14 in Maces & Flails
  1249 | D        | Killed a two-headed ogre
  1250 | D        | Reached skill level 15 in Maces & Flails
  1541 | D        | Noticed a wandering mushroom
  1546 | D        | Noticed a wandering mushroom
  1548 | D        | Noticed a wandering mushroom
  1552 | D        | Killed a wandering mushroom
  1560 | D        | Killed a wandering mushroom
  1561 | D        | Reached XP level 10. HP: 29/72 MP: 10/10
  1663 | D        | Reached skill level 16 in Maces & Flails
  1792 | D        | Found Jideikh's Assorted Antiques.
  1793 | D        | Noticed an orc high priest
  1795 | D        | Noticed an orc sorcerer
  1795 | D        | Noticed an orc knight
  1795 | D        | Noticed an orc high priest
  1796 | D        | Received a gift from Trog
  1806 | D        | Killed an orc sorcerer
  1809 | D        | Killed an orc high priest
  1809 | D        | Reached ****** piety under Trog
  1810 | D        | Reached skill level 10 in Stealth
  1814 | D        | Received a gift from Trog
  1816 | D        | Killed an orc knight
  1816 | D        | Killed an orc high priest
  1817 | D        | Reached skill level 17 in Maces & Flails
  2036 | D        | Noticed a deep elf zephyrmancer
  2036 | D        | Noticed a deep elf pyromancer
  2036 | D        | Noticed a deep elf pyromancer
  2036 | D        | Noticed a deep elf zephyrmancer
  2036 | D        | Noticed a deep elf pyromancer
  2046 | D        | Killed a deep elf zephyrmancer
  2046 | D        | Received a gift from Trog
  2049 | D        | Killed a deep elf zephyrmancer
  2050 | D        | Reached skill level 18 in Maces & Flails
  2050 | D        | Reached XP level 11. HP: 80/80 MP: 11/11
  2050 | D        | Noticed a deep elf pyromancer
  2051 | D        | Killed a deep elf pyromancer
  2056 | D        | Killed a deep elf pyromancer
  2057 | D        | Reached skill level 15 in Fighting
  2108 | D        | Bought a yellow potion for 23 gold pieces
  2108 | D        | Bought a scroll labelled UHECRU RYRAEJO for 26 gold pieces
  2108 | D        | Bought a scroll labelled UHECRU RYRAEJO for 26 gold pieces
  2177 | D        | Received a gift from Trog
  2178 | D        | Reached skill level 1 in Evocations
  2180 | D        | Received a gift from Trog
  2199 | D        | Reached skill level 19 in Maces & Flails
  2215 | D        | Received a gift from Trog
  2234 | D        | Received a gift from Trog
  2370 | D        | Noticed Donald
  2370 | D        | Noticed Frances
  2375 | D        | Killed Frances
  2377 | D        | Killed Donald
  2378 | D        | Reached skill level 20 in Maces & Flails
  2451 | D        | Reached skill level 1 in Shields
  2680 | D        | Received a gift from Trog
  2859 | D        | Noticed a lindwurm
  2865 | D        | Killed a lindwurm
  2866 | D        | Reached XP level 12. HP: 86/90 MP: 12/12
  2875 | D        | Received a gift from Trog
  2876 | D        | Noticed Urug
  2880 | D        | Killed Urug
  2939 | D        | Reached skill level 5 in Shields
  2940 | D        | Received a gift from Trog
  3099 | D        | Noticed Rupert
  3109 | D        | Killed Rupert
  3110 | D        | Reached skill level 21 in Maces & Flails
  3218 | D        | Noticed a dire elephant
  3219 | D        | Noticed a dire elephant
  3219 | D        | Noticed Gastronok
  3232 | D        | Killed a dire elephant
  3239 | D        | Killed a dire elephant
  3243 | D        | Reached skill level 10 in Armour
  3260 | D        | Killed from afar by Gastronok

Illustrated notes

Levels and vault maps discovered:
D:        dungeon_sprint_mu [sprint_mu_entry_cave, sprint_mu_temple_rooms,
          sprint_mu_d1_spiders, sprint_mu_d2_genie, sprint_mu_d3_branching,
          sprint_mu_orc_legion, sprint_mu_elf_gauntlet, sprint_mu_hive_nellie,
          sprint_mu_lair_fedhas, sprint_mu_vaults_butterflies,
          sprint_mu_slime_circle, sprint_mu_shoals_archi,
          sprint_mu_snake_twists, sprint_mu_blade_basic,
          sprint_mu_crypt_fortress, sprint_mu_tomb_spiral,
          sprint_mu_vestibule_basic, sprint_mu_gehenna_hellfire,
          sprint_mu_dis_giant, sprint_mu_tartarus_statrot,
          sprint_mu_cocytus_islands, sprint_mu_zot1]

Skill      XL: |  1  2  3  4  5  6  7  8  9 10 11 12 |
---------------+-------------------------------------+-----
Fighting       | 4 5 6 7 9 10 11 12 14 16 17 | 17.6
Maces & Flails | 4 6 7 11 12 13 15 18 20 21 | 21.2
Armour         | 3 4 5 6 8 10 | 10.1
Dodging        | 2 3 4 5 6 7 8 |  8.5
Stealth        | 1 3 4 6 9 10 11 | 11.4
Evocations     | 1 |  1.8
Shields        | 3 7 |  7.3
Throwing       | |  0.4

Action                   |  1- 3 |  4- 6 |  7- 9 | 10-12 || total
-------------------------+-------+-------+-------+-------++-------
Melee: Mace              |    26 |    12 |    59 |       ||    97
       Punch             |       |       |     1 |       ||     1
       Great mace        |       |       |    26 |    67 ||    93
       Morningstar       |       |       |       |    91 ||    91
Throw: Dart              |       |       |       |     3 ||     3
Invok: Berserk           |     2 |     1 |     6 |     7 ||    16
       Brothers in Arms  |       |       |       |     2 ||     2
Evoke: Condenser vane    |       |       |       |     3 ||     3
  Use: Potion            |     1 |       |       |     1 ||     2
       Scroll            |       |       |       |     1 ||     1
 Stab: Sleeping          |     1 |       |     4 |     6 ||    11
       Confused          |       |       |       |     1 ||     1
Armor: Animal skin       |     4 |     3 |     8 |     2 ||    17
       Scale mail        |       |       |       |    46 ||    46
Dodge: Dodged            |    12 |     4 |    29 |    77 ||   122
Block: Kite shield       |       |       |       |    36 ||    36

Table legend: (Time is in decaauts)
 A = Elapsed time spent in this place.
 B = Non-inter-level travel time spent in this place.
 C = Inter-level travel time spent in this place.
 D = Time resting spent in this place.
 E = Time spent auto-exploring this place.
 F = Levels seen in this place.
 G = Mean time per level.
                   A        B        C        D        E       F      G
               +--------+--------+--------+--------+--------+-----+--------+
         Total |   3363 |   3363 |      0 |   2268 |    104 |   1 | 3363.0 |
       Dungeon |   3363 |   3363 |      0 |   2268 |    104 |   1 | 3363.0 |
               +--------+--------+--------+--------+--------+-----+--------+

Top non-repeatable levels by time:
       D: 3363 daAuts
